Description

Basic opener for use against all match ups

VOD

https://www.youtube.com/watch?v=fvlAr49t3bE

Build Order

Get SALT Encoding   

  14  0:18  Pylon  
  16  0:37  Gateway  
  17  0:49  Assimilator  
  18  1:02  Pylon  
  20  1:25  Cybernetics Core  
  21  1:26  Zealot  
  25  2:05  Nexus  
  28  2:14  Mothership Core  
  28  2:15  Assimilator  
  29  2:21  Pylon  
  29  2:25  Warp Gate  
  30  2:30  Stalker  
  31  2:58  Robotics Facility  
  31  3:03  Gateway  
  34  3:06  Stalker  
  35  3:26  Gateway  
  35  3:27  Pylon  
  39  3:42  Stalker  
  40  3:46  Observer  
  42  3:59  Assimilator  
  47  4:10  Immortal  
Spawning Tool Build Advisor. Get it on Overwolf

Analysis

Basic opening for use against all match ups from this Youtube video: https://www.youtube.com/watch?v=fvlAr49t3bE

Go to:

Details

  • Created by: elguntor
  • Published on: Mar 06, 2017
  • Modified on: Mar 10, 2017
  • Patch: 3.8.0
  • Difficulty: Easy
Show
View Real Time Build Order
Export as new Build Order

Comments (0)

There are no comments. Be the first!

Create an account to comment!